 Dungeon Crawl Stone Soup version 0.24.0-2-g5b39cebb1c (webtiles) character file.

Game seed: 7641787194135453966, levelgen mode: deterministic

6681 Amplified the Covert (level 10, -2/77 HPs)
             Began as a Demonspawn Assassin on Oct 29, 2019.
             Was an Elder of Dithmenos.
             Slain by a five-headed hydra (6 damage)
             ... on level 10 of the Dungeon.
             The game lasted 00:19:40 (9309 turns).

Amplified the Covert (Demonspawn Assassin)          Turns: 9309, Time: 00:19:40

Health: -2/77      AC: 13    Str: 11    XL:     10   Next: 73%
Magic:  13/13      EV: 14    Int: 12    God:    Dithmenos [****..]
Gold:   94         SH:  0    Dex: 19    Spells: 9/9 levels left

rFire    + . .     SeeInvis .   C - +1 dagger (flame)
rCold    . . .     Gourm    .   (no shield)
rNeg     . . .     Faith    .   n - +0 ring mail
rPois    .         Spirit   .   k - +2 helmet
rElec    .         Reflect  .   c - +0 cloak
rCorr    .         Harm     .   (no gloves)
MR       +....                  t - +1 pair of boots
Stlth    ++++++....             (no amulet)
HPRegen  0.22/turn              g - ring of protection from magic
MPRegen  0.13/turn              j - ring of protection from fire

@: wreathed by umbra
A: talons 1, powered by death 2, sturdy frame 2
a: Shadow Step, Renounce Religion


You were on level 10 of the Dungeon.
You worshipped Dithmenos.
Dithmenos was greatly pleased with you.
You were not hungry.

You visited 1 branch of the dungeon, and saw 12 of its levels.

You collected 374 gold pieces.
You spent 280 gold pieces at shops.

Inventory:

Hand Weapons
 d - a +0 whip of electrocution
 w - a +0 rapier
 C - a +1 dagger of flaming (weapon)
 D - a +0 vampiric morningstar
Missiles
 h - 5 poisoned darts
 q - 5 datura-tipped darts
 r - 2 atropa-tipped darts (quivered)
Armour
 c - a +0 cloak (worn)
 e - a +2 robe of positive energy
 k - a +2 helmet (worn)
 n - a +0 ring mail (worn)
 t - a +1 pair of boots (worn)
Jewellery
 g - a ring of protection from magic (left hand)
 j - a ring of protection from fire (right hand)
 s - an uncursed ring of stealth
 B - an uncursed amulet of regeneration
Wands
 v - a wand of iceblast (3)
Scrolls
 b - a scroll of vulnerability
 i - 3 scrolls of identify
 o - 3 scrolls of remove curse
 p - 3 scrolls of immolation
Potions
 m - a potion of brilliance
Comestibles
 f - 3 rations


   Skills:
 + Level 6.5 Fighting
 * Level 8.4 Short Blades
 - Level 1.7 Throwing
 * Level 6.4 Armour
 - Level 3.6 Dodging
 * Level 9.5 Stealth
 - Level 4.0 Invocations


You had 9 spell levels left.
You didn't know any spells.
Your spell library was empty.

Dungeon Overview and Level Annotations

Branches:
Dungeon (12/15)            Temple (0/1) D:7
   Lair: D:8-11         Orc: D:9-12

Altars:
Ashenzari
Cheibriados
Dithmenos
Elyvilon
Gozag
Kikubaaqudgha
Makhleb
Ru
Sif Muna
Trog
Vehumet
Xom
The Shining One

Shops:
D:4 !   D:6 =   D:9 !

Annotations:
D:8 Erica
D:9 3 runed translucent doors
D:12 Gastronok


Innate Abilities, Weirdness & Mutations

You have sharp toenails.
You regenerate health from kills.
Your movements are less encumbered by armour. (ER -4)


Message History

The five-headed hydra completely misses you.
The five-headed hydra bites you but does no damage.
The five-headed hydra barely misses you.
The five-headed hydra bites you but does no damage. x2
The orc barely misses the wight.
Unknown command.
Unknown command.
Throwing (i - inventory. (/) - cycle)
r - 3 atropa-tipped darts (quivered)
Press: ? - help, Shift-Dir - straight line, f/p - five-headed hydra
Aim: a five-headed hydra (umbra, chance to blind on hit: 11%)
You throw an atropa-tipped dart.
The atropa-tipped dart hits the five-headed hydra.
The five-headed hydra resists.
The orc seems less confused.
The five-headed hydra misses you.
The five-headed hydra bites you but does no damage.
The five-headed hydra bites you!
* * * LOW HITPOINT WARNING * * *
The five-headed hydra bites you but does no damage.
The five-headed hydra bites you.
You die...

###.##.#.##
##.#.#.....#
##.#..#.$#..#
##.###.#..#..#
##Z##
#.Dz.#...
##z##
#.#..J...
##o##
#.#Z.###)
##D##
#.#[#.#.# #@##
#.#.##.## ###
#.#.#.##
#.#..# #.#.#
#S# #. # # ..
#. .#... #.##
##...


You could see a five-headed hydra, a wight, an orc (blind) and an orc zombie.

Vanquished Creatures
  A two-headed ogre (D:9)
  An unseen horror (D:11)
  Pikel (D:8)
  Maurice (D:10)
  Sigmund (D:3)
  6 yaks
  2 hungry ghosts
  4 orc warriors
  3 black bears
  2 ogres
  2 centaurs
  2 crocodiles (D:8)
  A big kobold (D:11)
  Blork the orc (D:6)
  4 bullfrogs
  3 scorpions
  A wyvern skeleton (D:7)
  6 killer bees (D:10)
  2 wights (D:10)
  A howler monkey (D:9)
  2 bullfrog zombies (D:6)
  7 crimson imps
  2 quasits
  5 hounds
  2 jellies
  2 orc priests
  2 bullfrog skeletons
  4 worker ants
  Natasha (twice) (D:3)
  5 iguanas
  9 orc wizards
  A hound zombie (D:5)
  A hound skeleton (D:5)
  11 adders
  A shadow imp (D:5)
  2 oozes
  An adder zombie (D:7)
  2 adder skeletons (D:9)
  2 worms (D:2)
  3 dart slugs
  7 leopard geckos
  36 orcs
  2 ball pythons
  5 giant cockroaches
  13 hobgoblins
  11 jackals
  4 quokkas
  9 bats
  7 frilled lizards
  6 goblins
  11 kobolds
  A quokka skeleton (D:7)
  2 quokka zombies
  10 rats
235 creatures vanquished.

Vanquished Creatures (others)
  3 slaves (D:8)
  An ogre (D:10)
  A bullfrog (D:8)
  An orc (D:8)
  A bush (D:8)
  2 fungi (D:8)
  7 plants (D:8)
16 creatures vanquished.

Grand Total: 251 creatures vanquished

Notes
Turn   | Place    | Note
-------+----------+-------------------------------------------
     0 | D:1      | Amplified the Demonspawn Assassin began the quest for the
                  | Orb.
     0 | D:1      | Reached XP level 1. HP: 16/16 MP: 1/1
    12 | D:1      | Reached skill level 1 in Dodging
   286 | D:1      | Gained mutation: Your movements are slightly less
                  | encumbered by armour. (ER -2) [demonic ancestry]
   286 | D:1      | Reached XP level 2. HP: 18/22 MP: 2/2
   819 | D:1      | Reached XP level 3. HP: 27/27 MP: 3/3
  1730 | D:2      | Found a bloodstained altar of Trog.
  1730 | D:2      | Found a shimmering altar of Xom.
  1799 | D:2      | Found an opulent altar of Gozag.
  1824 | D:2      | Reached skill level 4 in Stealth
  1974 | D:2      | Found a shadowy altar of Dithmenos.
  1987 | D:2      | Found a shattered altar of Ashenzari.
  2002 | D:2      | Became a worshipper of Dithmenos the Shadowed
  2048 | D:2      | Gained mutation: You regenerate a little health from kills.
                  | [demonic ancestry]
  2048 | D:2      | Reached XP level 4. HP: 34/34 MP: 4/4
  2118 | D:2      | Found an ancient bone altar of Kikubaaqudgha.
  2471 | D:3      | Noticed Natasha
  2488 | D:3      | Killed Natasha
  2527 | D:3      | Found a sacrificial altar of Ru.
  2605 | D:3      | Noticed Natasha
  2616 | D:3      | Killed Natasha
  2616 | D:3      | Reached XP level 5. HP: 20/39 MP: 5/5
  2943 | D:3      | Noticed Sigmund
  2960 | D:3      | Killed Sigmund
  2960 | D:3      | Reached * piety under Dithmenos
  2960 | D:3      | Reached XP level 6. HP: 41/47 MP: 6/6
  3420 | D:4      | Reached skill level 5 in Stealth
  3425 | D:4      | Found Bycyatuh's Distillery.
  3438 | D:4      | Found a glowing golden altar of the Shining One.
  3854 | D:4      | Gained mutation: You have sharp toenails. [demonic
                  | ancestry]
  3854 | D:4      | Reached XP level 7. HP: 34/52 MP: 7/7
  3894 | D:4      | Reached ** piety under Dithmenos
  4148 | D:5      | Entered Level 5 of the Dungeon
  4151 | D:5      | Reached skill level 1 in Invocations
  4294 | D:5      | Found a burning altar of Makhleb.
  4345 | D:5      | Found a radiant altar of Vehumet.
  4878 | D:6      | Found a snail-covered altar of Cheibriados.
  4979 | D:6      | Reached skill level 6 in Stealth
  5050 | D:6      | Gained mutation: Your movements are less encumbered by
                  | armour. (ER -4) [demonic ancestry]
  5050 | D:6      | Reached XP level 8. HP: 40/60 MP: 10/10
  5299 | D:6      | Reached skill level 5 in Short Blades
  5413 | D:6      | Found Suk Inapp's Jewellery Shoppe.
  5573 | D:6      | Reached skill level 1 in Armour
  5760 | D:6      | Noticed Blork the orc
  5775 | D:6      | Killed Blork the orc
  6461 | D:7      | Found a staircase to the Ecumenical Temple.
  6767 | D:8      | Noticed Pikel
  6824 | D:8      | Killed Pikel
  6824 | D:8      | Reached skill level 7 in Stealth
  6824 | D:8      | Reached XP level 9. HP: 29/67 MP: 12/12
  7066 | D:8      | Reached skill level 5 in Fighting
  7127 | D:8      | Reached *** piety under Dithmenos
  7630 | D:7      | Reached skill level 8 in Stealth
  7704 | D:7      | Found a white marble altar of Elyvilon.
  7846 | D:8      | Noticed a two-headed ogre
  7848 | D:8      | Noticed Erica
  7916 | D:9      | Found a shimmering blue altar of Sif Muna.
  7945 | D:9      | Found Heng's Distillery.
  7953 | D:9      | Bought a potion of might for 56 gold pieces
  7953 | D:9      | Bought a potion of heal wounds for 70 gold pieces
  7953 | D:9      | Bought 2 potions of curing for 84 gold pieces
  7953 | D:9      | Bought a potion of berserk rage for 70 gold pieces
  8286 | D:9      | Noticed a two-headed ogre
  8307 | D:9      | Killed a two-headed ogre
  8307 | D:9      | Reached skill level 5 in Armour
  8307 | D:9      | Gained mutation: You regenerate health from kills. [demonic
                  | ancestry]
  8307 | D:9      | Reached XP level 10. HP: 60/76 MP: 13/13
  8454 | D:9      | Found a runed translucent gate.
  8454 | D:9      | Noticed a white ugly thing
  8455 | D:9      | Found a runed translucent gate.
  8456 | D:9      | Found a runed translucent gate.
  8456 | D:9      | Noticed a green ugly thing
  8458 | D:9      | Noticed a red ugly thing
  8458 | D:9      | Noticed a purple ugly thing
  8458 | D:9      | Noticed a cyan ugly thing
  8459 | D:9      | Noticed a glowing orange brain
  8459 | D:9      | Noticed a red very ugly thing
  8784 | D:10     | Entered Level 10 of the Dungeon
  8790 | D:10     | Noticed a five-headed hydra
  8890 | D:10     | Noticed Maurice
  8898 | D:10     | Reached **** piety under Dithmenos
  8920 | D:10     | Killed Maurice
  8920 | D:10     | Reached skill level 9 in Stealth
  9162 | D:11     | Noticed a green ugly thing
  9168 | D:11     | Killed an unseen horror
  9173 | D:11     | Noticed a gargoyle
  9177 | D:12     | Noticed Gastronok
  9177 | D:12     | Noticed a deep elf mage
  9177 | D:12     | Noticed a manticore
  9309 | D:10     | Slain by a five-headed hydra

Levels and vault maps discovered:
D:1:      ebering_hopf_link, layout_loops_corners
D:2:      layout_basic, lemuel_crystal_altar, overflow_temple_1_default,
          grunt_temple_overflow_open, minitemple
D:3:      layout_basic, nicolae_ru_sacrificial_ziggurat, first_ration,
          uniq_natasha, uniq_sigmund
D:4:      layout_rooms, old_standard_altar, serial_shops, shop_statue
D:5:      layout_rooms, lemuel_crystal_altar, kennysheep_little_box
D:6:      layout_basic, kennysheep_mini, serial_shops, shop, uniq_blork_the_orc
D:7:      layout_loops_corners, kennysheep_mini_moat, temple_doors_e
D:8:      layout_basic, minmay_lair_entry_grove, david_nohive_1, uniq_joseph,
          uniq_grum, uniq_erica, uniq_pikel
D:9:      layout_long_grid, marbit_many_paths, serial_shops, shop,
          ploomutoo_gammafunk_ghost_potion_laboratory
D:10:     layout_loops_ring, zombieorc1_lemuel, kennysheep_nondescript,
          uniq_maurice
D:11:     layout_small_grid, serial_shops, nicolae_shop_waterfront,
          enter_trove_1, enter_bailey_3
D:12:     layout_roguey, nicolae_transmutations_shop, uniq_gastronok

Skill      XL: |  1  2  3  4  5  6  7  8  9 10 |
---------------+-------------------------------+-----
Dodging        | 1 2 3 |  3.6
Short Blades   | 2 3 4 6 7 8 |  8.4
Stealth        | 4 5 6 7 8 9 |  9.5
Fighting       | 3 4 5 6 |  6.5
Invocations    | 3 4 |  4.0
Armour         | 3 5 6 |  6.4
Throwing       | |  1.7

Action                   |  1- 3 |  4- 6 |  7- 9 | 10-12 || total
-------------------------+-------+-------+-------+-------++-------
Melee: Dagger            |   149 |   243 |   531 |     7 ||   930
       Kick              |       |       |    59 |       ||    59
       Whip              |       |       |   183 |   140 ||   323
       Morningstar       |       |       |       |    18 ||    18
Throw: Dart              |    12 |     2 |    32 |     4 ||    50
Evoke: Wand              |       |       |     6 |    17 ||    23
  Use: Scroll            |     5 |     6 |     7 |     2 ||    20
       Potion            |     2 |     6 |     6 |     8 ||    22
 Stab: Sleeping          |    10 |     7 |    19 |     6 ||    42
       Distracted        |       |     1 |       |       ||     1
       Confused          |       |       |       |     1 ||     1
       Invisible         |       |       |       |     1 ||     1
  Eat: Chunk             |     4 |     6 |     8 |     4 ||    22
       Ration            |       |       |     9 |     2 ||    11
Armor: Robe              |    32 |    37 |       |       ||    69
       Skin              |     9 |     5 |       |       ||    14
       Ring mail         |       |       |   196 |   106 ||   302
Dodge: Dodged            |    94 |   123 |   496 |   238 ||   951
